 Seeded DCSS version 0.28.0-53-g5a82cb258f (webtiles) character file.

Game seed: 20220606 (custom seed)

5 nrs142 the Chopper (level 1, 0/20 HPs)
             Began as a Minotaur Monk on June 12, 2022.
             Slain by a frilled lizard (1 damage)
             ... on level 1 of the Dungeon.
             The game lasted 00:00:31 (304 turns).

nrs142 the Chopper (Minotaur Monk)                   Turns: 304, Time: 00:00:31

Health: 0/20       AC:  2    Str: 15    XL:     1   Next: 66%
Magic:  0/0        EV: 13    Int:  7    God:
Gold:   0          SH:  0    Dex: 12    Spells: 0/0 levels left

rFire   . . .      SeeInvis .   a - +0 hand axe
rCold   . . .      Faith    .   (no shield)
rNeg    . . .      Spirit   .   b - +0 robe
rPois   .          Reflect  .   (helmet restricted)
rElec   .          Harm     .   (no cloak)
rCorr   .          Rampage  .   (no gloves)
Will    .....                   (no boots)
Stlth   ++........              (no amulet)
HPRegen 0.06/turn               (no ring)
MPRegen 0.07/turn               (no ring)

@: no status effects
A: horns 2, retaliatory headbutt
a: no special abilities


You were on level 1 of the Dungeon.
You visited 1 branch of the dungeon, and saw 1 of its levels.

Inventory:

Hand Weapons
 a - a +0 hand axe (weapon)
Armour
 b - a +0 robe (worn)
Potions
 c - a potion of mutation {unknown}


   Skills:
 + Level 3.7 Fighting
 + Level 3.8 Axes
 + Level 3.4 Dodging
 + Level 1.5 Stealth


You couldn't memorise any spells.
You didn't know any spells.
Your spell library was empty.

Dungeon Overview and Level Annotations

Branches:
Dungeon (1/15)

Altars:


Innate Abilities, Weirdness & Mutations

You have a pair of horns on your head.
You reflexively headbutt those who attack you in melee.


Message History

The hobgoblin barely misses you. The frilled lizard misses you.
The hobgoblin misses you. The frilled lizard misses you.
The hobgoblin hits you. The frilled lizard closely misses you.
The hobgoblin hits you but does no damage.
The frilled lizard bites you but does no damage.
The hobgoblin hits you. The frilled lizard barely misses you.
The hobgoblin misses you. The frilled lizard misses you.
The hobgoblin hits you. The frilled lizard closely misses you.
The hobgoblin hits you. The frilled lizard misses you.
The hobgoblin closely misses you. The frilled lizard barely misses you.
The hobgoblin hits you.
* * * LOW HITPOINT WARNING * * *
The frilled lizard barely misses you. You furiously retaliate!
You headbutt the frilled lizard. The hobgoblin barely misses you.
The frilled lizard closely misses you. The hobgoblin closely misses you.
The frilled lizard closely misses you.
The hobgoblin hits you but does no damage.
The frilled lizard barely misses you. The hobgoblin hits you.
* * * LOW HITPOINT WARNING * * *
The frilled lizard bites you but does no damage.
The hobgoblin closely misses you. You furiously retaliate!
You headbutt the hobgoblin!
You kill the hobgoblin!
The frilled lizard barely misses you. The frilled lizard closely misses you.
The frilled lizard closely misses you. The frilled lizard bites you.
* * * LOW HITPOINT WARNING * * *
A rat comes into view.
The frilled lizard closely misses you. The frilled lizard closely misses you.
The frilled lizard bites you but does no damage.
The rat twitches its whiskers.
The frilled lizard bites you but does no damage.
The frilled lizard bites you.
* * * LOW HITPOINT WARNING * * *
The frilled lizard closely misses you. The frilled lizard bites you.
You die...

. . .# .# #####
#######.# .. #....
##...#...##
..###.8.8
##.....rl..##
#.##.....
#......@....#
#.##8....
#...........#
#.##..###
#....>......##
#.#...#k#
##...........#
#.#8..#h#
##...#...##.#
#.....#N#
#####.#.##.#
#.#8..#l#
#...##.###.#...#k#
##......#..##..###
#.###....###8....


You could see a frilled lizard and a rat.

Vanquished Creatures
  A goblin (D:1)
  A hobgoblin (D:1)
  A frilled lizard (D:1)
  A kobold (D:1)
  2 rats (D:1)
6 creatures vanquished.

Notes
Turn   | Place    | Note
-------+----------+-------------------------------------------
     0 | D:1      | nrs142 the Minotaur Monk began the quest for the Orb.
     0 | D:1      | Reached XP level 1. HP: 19/19 MP: 0/0
     6 | D:1      | Noticed a swamp drake
     6 | D:1      | Noticed a polar bear
     6 | D:1      | Noticed a salamander
     7 | D:1      | Noticed a komodo dragon
     7 | D:1      | Noticed a lindwurm
   302 | D:1      | HP: 1/20 [frilled lizard (2)]
   304 | D:1      | Slain by a frilled lizard

Illustrated notes

Levels and vault maps discovered:
D:1:      onia_arrival_zoo_common, layout_rooms,
          shapermc_ecumenical_altar_flowoftime

Action                   || total
-------------------------++-------
Melee: Hand axe          ||     8
       Headbutt          ||     1
 Stab: Sleeping          ||     1
Armor: Robe              ||    12
Dodge: Dodged            ||    39
